Map: Ascension to Aiur LE

Players

Cuervo

  • Race: Zerg Zerg
  • Spawn Location: 5:00

A.I. 1 (Very Easy) - Winner!

  • Race: Terran Terran
  • Spawn Location: 11:00

VOD

Have the link to the VOD?

Description

Time

  • Played on: Sept. 19, 2017, 11:08 a.m.
  • Length: 8:45
Show
View Real Time Build Order
Export as new Build Order

Cuervo Zerg 

Build Orders: Pool First 

Get SALT Encoding   

  12  0:00  Drone  
  13  0:12  Overlord  
  13  0:17  Drone  
  14  0:31  Drone x2  
  16  0:38  Drone  
  17  0:47  Spawning Pool  
  17  0:49  Drone  
  17  0:57  Drone  
  18  1:16  Hatchery  
  18  1:17  Drone  
  18  1:20  Extractor  
  18  1:23  Drone  
  18  1:28  Drone  
  19  1:35  Queen  
  21  1:42  Overlord  
  21  1:50  Drone  
  22  2:07  Drone  
  23  2:11  Queen  
  23  2:14  Drone  
  26  2:25  Metabolic Boost  
  26  2:31  Drone  
  26  2:33  Overlord  
  27  2:44  Drone  
  27  2:45  Drone x3  
  27  2:46  Drone  
  27  2:47  Queen  
  34  2:52  Roach Warren  
  34  2:57  Drone  
  34  3:00  Drone  
  34  3:04  Zergling x2  
  36  3:07  Drone  
  36  3:11  Drone  
  38  3:20  Drone  
  38  3:22  Drone  
  40  3:28  Overlord  
  40  3:29  Drone x2  
  42  3:43  Drone x2  
  42  3:46  Overlord  
  42  3:47  Hatchery  
  43  3:49  Drone x3  
  46  3:57  Roach x2  
  46  3:59  Lair  
  50  4:07  Drone x2  
  50  4:08  Drone x4  
  56  4:12  Extractor  
  56  4:14  Extractor  
  56  4:16  Evolution Chamber  
  53  4:19  Evolution Chamber  
  53  4:20  Drone x2  
  54  4:24  Drone  
  54  4:25  Drone  
  56  4:40  Roach  
  56  4:41  Roach  
  56  4:43  Overlord  
  56  4:44  Overlord x3  
  60  4:48  Zerg Missile Weapons Level 1  
  60  4:50  Zerg Ground Armor Level 1  
  60  5:04  Drone x10  
  70  5:12  Glial Reconstitution  
  72  5:14  Roach  
  72  5:15  Roach x2  
  72  5:16  Zergling x2  
  77  5:23  Roach  
  77  5:24  Roach  
  81  5:35  Drone x3  
  84  5:40  Extractor  
  84  5:41  Drone x3  
  86  5:45  Drone  
  86  5:46  Drone x7  
  94  5:53  Overlord x2  
  94  6:14  Hatchery  
  94  6:15  Roach  
  94  6:16  Roach x5  
  105  6:23  Roach  
  105  6:24  Roach x3  
  113  6:26  Overlord x4  
  113  6:27  Overlord  
  113  6:44  Queen  
  115  6:55  Roach  
  115  6:56  Roach x14  
  115  6:57  Roach x2  
  115  7:01  Extractor  
  148  7:12  Roach  
  148  7:13  Roach x2  
  154  7:20  Hatchery  
  153  7:24  Overlord  
  153  7:25  Overlord x5  
  153  7:26  Overlord  
  153  7:33  Roach  
  153  7:34  Roach x2  
  153  7:35  Ravager  
  160  7:40  Overlord  
  160  7:41  Overlord x4  
  160  8:02  Roach x6  
  160  8:03  Roach x4  
  160  8:05  Ravager x2  
  183  8:12  Drone  
  183  8:13  Drone x2, Extractor  
Show
View Real Time Build Order
Export as new Build Order

A.I. 1 (Very Easy) Terran - Winner!

Build Orders: Reaper Expand 

Get SALT Encoding   

  12  0:00  SCV  
  13  0:13  SCV  
  14  0:19  Supply Depot  
  14  0:42  Barracks  
  14  1:04  Command Center  
  14  1:28  Orbital Command  
  14  1:29  Marine  
  15  1:33  Supply Depot  
  15  1:38  Refinery  
  15  1:50  Refinery  
  15  1:54  SCV  
  16  2:06  SCV  
  17  2:17  Reaper  
  17  2:18  SCV  
  17  2:20  SCV  
  20  2:30  SCV  
  20  2:34  SCV  
  22  2:42  SCV  
  22  2:44  Refinery  
  23  2:48  SCV  
  24  2:55  SCV  
  25  3:02  Marine  
  25  3:03  SCV  
  27  3:10  SCV  
  28  3:16  Factory  
  28  3:17  SCV  
  29  3:40  Refinery  
  29  3:41  SCV  
  30  3:47  Marine  
  30  3:48  SCV  
  32  3:55  Supply Depot, SCV  
  33  4:03  SCV  
  33  4:04  Starport  
  34  4:10  SCV  
  35  4:17  SCV  
  36  4:24  SCV  
  37  4:32  Marine, SCV  
  37  4:35  Supply Depot  
  39  4:39  SCV  
  39  4:42  Starport Tech Lab  
  40  4:46  SCV  
  41  4:53  SCV  
  42  5:00  SCV, Raven  
  45  5:08  SCV  
  46  5:15  SCV  
  46  5:17  Marine  
  48  5:43  Raven  
  50  6:03  Reaper  
  51  6:35  Barracks Tech Lab  
  51  6:55  Marauder  
Tags
 
Add a new tag
Caveats
  • Supply blocks, unpowered buildings, or Contaminate may cause inaccurate times.
  • Supply counts are checked every 10 seconds.